 Dungeon Crawl Stone Soup version 0.30.1 (webtiles) character file.

Game seed: 17721304848195427080

125 Pepete the Conjurer (level 4, 0/25 HPs)
             Began as a Deep Elf Conjurer on July 2, 2023.
             Killed by divine providence
             ... invoked by an orc priest
              (13 damage)
             ... on level 3 of the Dungeon.
             The game lasted 00:04:18 (4475 turns).

Pepete the Conjurer (Deep Elf Conjurer)             Turns: 4475, Time: 00:04:19

Health: 0/25       AC:  7    Str:  4    XL:     4   Next: 82%
Magic:  9/12       EV: 12    Int: 25    God:
Gold:   49         SH:  0    Dex: 13    Spells: 6/11 levels left

rFire   . . .        d - +4 whip
rCold   . . .        (no shield)
rNeg    . . .        a - +0 robe
rPois   .            (no helmet)
rElec   .            i - scarf {shadows}
rCorr   +            (no gloves)
SInv    .            l - +0 pair of boots
Will    .....        f - amulet of the acrobat
Stlth   ++           e - +4 ring of protection
HPRegen 0.24/turn    h - ring of resist corrosion
MPRegen 0.13/turn

%: acrobat
@: no status effects
A: no striking features
a: no special abilities


You were on level 3 of the Dungeon.
You visited 1 branch of the dungeon, and saw 3 of its levels.

You collected 49 gold pieces.

Inventory:

Hand Weapons
 d - a +4 whip (weapon)
Armour
 a - a +0 robe (worn)
 i - a scarf of shadows (worn)
 l - a +0 pair of boots (worn)
 n - an orb of guile
 q - the +0 chain mail of the Arcane {rC+ Will+ Int+3}
   (You found it on level 2 of the Dungeon)

   Int:       It affects your intelligence (+3).
   rC:        It protects you from cold.
   Will:      It increases your willpower.
Jewellery
 e - a +4 ring of protection (left hand)
 f - an amulet of the acrobat (around neck)
 h - a ring of resist corrosion (right hand)
Scrolls
 g - a scroll of fog
 k - 2 scrolls of identify
Potions
 b - 2 potions of magic
 c - a potion of brilliance
 j - 2 potions of haste {unknown}
 m - a potion of curing {unknown}
 p - a potion of heal wounds


   Skills:
 + Level 1.1 Fighting
 + Level 0.9 Maces & Flails
 + Level 1.1 Armour
 - Level 2.4 Dodging
 - Level 2.4 Stealth
 * Level 4.4 Spellcasting
 * Level 5.2 Conjurations


You had 6 spell levels left.
You knew the following spells:

 Your Spells              Type           Power      Damage    Failure   Level
a - Magic Dart            Conj           100%       1d8       1%          1
b - Fulminant Prism       Conj/Hex       9%         3d6       30%         4

Your spell library contained the following spells:

 Spells                   Type           Power      Damage    Failure   Level
 Searing Ray              Conj           62%        2d6       1%          2
 Sandblast                Erth           10%        2d5       9%          1
 Dazzling Flash           Conj/Hex       36%        N/A       9%          3
 Stone Arrow              Conj/Erth      36%        3d9       9%          3
 Passwall                 Tmut/Erth      4%         N/A       13%         2
 Iskenderun's Mystic Bla  Conj/Tloc      18%        2d6       30%         4


Dungeon Overview and Level Annotations

Branches:
Dungeon (3/15)

Altars:


Message History

The magic dart hits the endoplasm!
You kill the endoplasm!
You can't see any susceptible monsters within range! (Use Z to cast anyway.)
You can't see any susceptible monsters within range! (Use Z to cast anyway.)
You start resting.
HP restored.
A jackal comes into view.
A jackal is nearby!
The magic dart hits the jackal.
The jackal is heavily wounded.
The jackal barks!
The magic dart hits the jackal.
You kill the jackal!
You can't see any susceptible monsters within range! (Use Z to cast anyway.)
You can't see any susceptible monsters within range! (Use Z to cast anyway.)
You start resting.
A jackal comes into view.
A jackal is nearby!
The magic dart hits the jackal.
The jackal is severely wounded.
The jackal barks!
You hear a shout!
The magic dart hits the jackal.
You kill the jackal!
You can't see any susceptible monsters within range! (Use Z to cast anyway.)
You can't see any susceptible monsters within range! (Use Z to cast anyway.)
You start resting.
An orc priest comes into view. It is wielding a +0 hand axe.
An orc priest is nearby!
The magic dart hits the orc priest.
The orc priest is moderately wounded.
The orc priest shouts!
The orc priest calls down the wrath of Beogh upon you.
Beogh smites you!
You hear an angry hiss.
The magic dart hits the orc priest.
The orc priest is heavily wounded.
The orc priest invokes the aid of Beogh against you.
Beogh smites you!
Ouch! That really hurt!
You die...

o... #.#
(....#.#
..†....#
.....#.######
.............
.............
#)...@...#
#).....#...#
.......... ##
.#.#.......#
.÷ #.........
÷ .....#...#
..#.#.#....


You could see an orc priest.

Vanquished Creatures
  6 adders (D:2)
  A worm (D:2)
  A dart slug (D:2)
  An orc (D:3)
  5 bats
  4 endoplasms
  3 giant cockroaches
  10 goblins
  4 hobgoblins
  3 jackals (D:3)
  6 kobolds
  4 quokkas
  2 ball pythons
  4 frilled lizards
  5 rats
59 creatures vanquished.

Notes
Turn   | Place    | Note
-------+----------+-------------------------------------------
     0 | D:1      | Pepete the Deep Elf Conjurer began the quest for the Orb.
     0 | D:1      | Reached XP level 1. HP: 10/10 MP: 6/6
   577 | D:1      | Reached XP level 2. HP: 15/15 MP: 5/8
  2130 | D:2      | Reached XP level 3. HP: 20/20 MP: 5/10
  2741 | D:2      | Reached skill level 1 in Armour
  2741 | D:2      | Reached skill level 5 in Conjurations
  2741 | D:2      | Reached XP level 4. HP: 24/24 MP: 7/12
  2798 | D:2      | Reached skill level 1 in Fighting
  3682 | D:2      | Identified the +0 chain mail of the Arcane {rC+ Will+
                  | Int+3}
  4414 | D:2      | Learned a level 4 spell: Fulminant Prism
  4475 | D:3      | Killed from afar by an orc priest

Illustrated notes

Levels and vault maps discovered:
D:1:      sevenhm_arrival_forest_fort_small_4, layout_basic,
          minmay_misc_feat_alley, minmay_crystal_water,
          dreamdust_princess_bridge, minivault_24, chequers_serial_rivers_marsh,
          minmay_stone_trees_small, minmay_tree_intersection,
          amcnicky_mini_pool_small, grunt_decor_fettered,
          chequers_serial_rivers_micro_a, st_stairs_8
D:2:      layout_basic, amcnicky_mini_corridor_feature,
          kennysheep_generic_room_4
D:3:      layout_rooms, hangedman_abyss_or_decor_lesser_grid

Skill      XL: |  1  2  3  4 |
---------------+-------------+-----
Spellcasting   | 4 |  4.4
Armour         | 1 |  1.1
Conjurations   | 5 |  5.2
Fighting       | 1 |  1.1
Maces & Flails | |  0.9
Dodging        | |  2.4
Stealth        | |  2.4

Action                     |  1- 3 |  4- 6 || total
---------------------------+-------+-------++-------
  Melee: Unarmed           |    25 |       ||    25
   Cast: Magic Dart        |    64 |    56 ||   120
    Use: Potion            |     2 |       ||     2
         Scroll            |     4 |     3 ||     7
 Armour: Robe              |     7 |     4 ||    11
  Dodge: Dodged            |    20 |    13 ||    33
